 Dungeon Crawl Stone Soup version 0.28-a0-687-gb91baff9cc (webtiles) character file.

Game seed: 9287055587704610019

3059 ytrimaz the Cleaver (level 9, -7/84 HPs)
             Began as a Minotaur Fighter on Oct 19, 2021.
             Was a Believer of Okawaru.
             Mangled by a fire elemental (11 damage)
             ... summoned by a deep elf pyromancer
             ... on level 7 of the Dungeon.
             The game lasted 00:09:26 (5747 turns).

ytrimaz the Cleaver (Minotaur Fighter)              Turns: 5747, Time: 00:09:28

Health: -7/84      AC: 15    Str: 24    XL:     9   Next: 57%
Magic:  7/8        EV: 10    Int:  5    God:    Okawaru [**....]
Gold:   263        SH:  5    Dex: 16    Spells: 8/8 levels left

rFire   . . .      SeeInvis .   a - +1 war axe
rCold   . . .      Faith    .   c - +0 buckler
rNeg    . . .      Spirit   .   b - +0 scale mail
rPois   .          Reflect  .   (helmet restricted)
rElec   .          Harm     .   (no cloak)
rCorr   .          Rampage  .   n - +0 pair of gloves
Will    .....                   d - +0 pair of boots
Stlth   ..........              (no amulet)
HPRegen 0.24/turn               j - +6 ring of dexterity
MPRegen 0.11/turn               v - +4 ring of protection

@: very slightly contaminated, invisible
A: horns 2, retaliatory headbutt
a: Renounce Religion, Heroism


You were on level 7 of the Dungeon.
You worshipped Okawaru.
Okawaru was pleased with you.
You visited 2 branches of the dungeon, and saw 8 of its levels.

You collected 263 gold pieces.

Inventory:

Hand Weapons
 a - a +1 war axe (weapon)
 e - a +0 hand axe of venom
 m - a +2 vampiric whip
Missiles
 x - 4 throwing nets (quivered)
Armour
 b - a +0 scale mail (worn)
 c - a +0 buckler (worn)
 d - a +0 pair of boots (worn)
 n - a +0 pair of gloves (worn)
Jewellery
 j - a +6 ring of dexterity (left hand)
 v - a +4 ring of protection (right hand)
Wands
 o - a wand of mindburst (8)
Scrolls
 i - 2 scrolls of teleportation {unknown}
 l - a scroll of enchant armour {unknown}
 p - 6 scrolls of identify {unknown}
 r - a scroll of fear {unknown}
 t - a scroll of fog {unknown}
Potions
 f - a potion of invisibility
 k - 2 potions of magic {unknown}
 q - 2 potions of brilliance {unknown}
 s - a potion of attraction {unknown}
 u - a potion of cancellation {unknown}
 w - a potion of flight {unknown}


   Skills:
 * Level 9.4 Fighting
 + Level 10.6 Axes
 * Level 8.9 Armour
 - Level 4.0 Shields
 * Level 0.5 Invocations
 + Level 1.2 Evocations


You had 8 spell levels left.
You didn't know any spells.
Your spell library contained the following spells:

 Spells                   Type           Power      Damage    Failure   Level
 Foxfire                  Conj/Fire      0%         2x1d4     75%         1
 Shock                    Conj/Air       0%         1d3       75%         1
 Static Discharge         Conj/Air       0%         N/A       86%         2
 Conjure Flame            Conj/Fire      0%         6-21      98%         3
 Gell's Gravitas          Tloc           0%         N/A       98%         3
 Ignite Poison            Fire/Tmut/Pois 0%         N/A       98%         3
 Lesser Beckoning         Tloc           0%         N/A       98%         3
 Swiftness                Air            0%         N/A       98%         3
 Teleport Other           Tloc           0%         N/A       98%         3
 Airstrike                Air            0%         N/A       100%        4
 Lightning Bolt           Conj/Air       0%         1d11      100%        5
 Maxwell's Capacitive Co  Air            0%         ∞         100%        8
 Summon Ice Beast         Ice/Summ       Unusable   N/A       N/A         4

Dungeon Overview and Level Annotations

Branches:
Dungeon (7/15)             Temple (1/1) D:6

Altars:
Ashenzari
Dithmenos
Elyvilon
Fedhas
Hepliaklqana
Kikubaaqudgha
Makhleb
Nemelex Xobeh
Okawaru
Qazlal
Ru
Sif Muna
Trog
Uskayaw
Vehumet
Wu Jian
Xom
Yredelemnul
Zin
The Shining One


Innate Abilities, Weirdness & Mutations

You have a pair of horns on your head.
You reflexively headbutt those who attack you in melee.


Message History

You catch the helpless fire elemental completely off-guard!
You hit the fire elemental but do no damage.
You hit the fire elemental. The fire elemental barely misses you.
You furiously retaliate!
You headbutt the fire elemental, but do no damage.
You block the fire elemental's attack. The deep elf pyromancer misses you.
You barely miss the deep elf pyromancer.
The deep elf pyromancer is heavily wounded.
You closely miss the fire elemental.
You strike the helpless fire elemental from behind!
You hit the fire elemental. The fire elemental closely misses you.
The fire elemental hits you. The fire elemental burns you!
* * * LOW HITPOINT WARNING * * *
You hit the deep elf pyromancer. You headbutt the deep elf pyromancer.
The deep elf pyromancer is severely wounded.
You barely miss the fire elemental. You hit the fire elemental.
You feel like a meek peon again.
The deep elf pyromancer mumbles some strange words.
The deep elf pyromancer blinks!
You block the fire elemental's attack. The fire elemental hits you.
The fire elemental burns you!
* * * LOW HITPOINT WARNING * * *
You catch the helpless deep elf pyromancer completely off-guard!
You slash the deep elf pyromancer!
The deep elf pyromancer is almost dead.
You hit the fire elemental. You miss the fire elemental.
The fire elemental closely misses you. The fire elemental hits you.
The fire elemental burns you!
* * * LOW HITPOINT WARNING * * *
It was a potion of curing.
You feel better. You block the fire elemental's attack.
The fire elemental misses you. You furiously retaliate!
You headbutt the fire elemental. The fire elemental hits you.
The fire elemental burns you!
* * * LOW HITPOINT WARNING * * *
You feel better. The fire elemental hits you. The fire elemental burns you!
* * * LOW HITPOINT WARNING * * *
The fire elemental closely misses you. The fire elemental hits you.
The fire elemental burns you!
* * * LOW HITPOINT WARNING * * *
The fire elemental hits you. The fire elemental burns you!
You die...

#. ##..###
#.##..... ..
..#..P...P#.
##..P..≈♣.[..
#.P..e≈♣§≈.P.
#...≈○≈○≈≈♣..
♣..EE♣≈≈≈≈♣.
#...@)♣♣≈≈..
###..E.≈....
########...P....
#........######.
###.########
#...#
#######.###
......#.###
#.....########


You could see a deep elf pyromancer and 3 fire elementals.

Vanquished Creatures
  Grinder (D:3)
  Sigmund (D:4)
  5 yaks (D:6)
  Duvessa (D:6)
  2 black bears
  2 ice beasts
  A sky beast (D:6)
  2 ogres (D:6)
  A centaur (D:7)
  A phantom (D:5)
  A bullfrog (D:6)
  Dowan (D:6)
  4 scorpions
  A water moccasin skeleton (D:6)
  A howler monkey (D:4)
  2 hounds
  2 orc priests
  A bullfrog skeleton (D:6)
  Natasha (D:3)
  5 iguanas
  4 orc wizards
  2 hound skeletons
  8 gnolls
  A howler monkey skeleton (D:7)
  5 adders
  A shadow imp (D:6)
  An ufetubus (D:5)
  An adder skeleton (D:4)
  2 worms
  A dart slug (D:1)
  12 orcs
  3 endoplasms
  5 giant cockroaches (D:2)
  5 goblins
  8 hobgoblins
  2 quokkas (D:2)
  8 ball pythons
  3 bats
  2 frilled lizards
  11 kobolds
  A rat (D:1)
122 creatures vanquished.

Vanquished Creatures (others)
  3 plants (D:7)
3 creatures vanquished.

Grand Total: 125 creatures vanquished

Notes
Turn   | Place    | Note
-------+----------+-------------------------------------------
     0 | D:1      | ytrimaz the Minotaur Fighter began the quest for the Orb.
     0 | D:1      | Reached XP level 1. HP: 19/19 MP: 0/0
   187 | D:1      | Reached XP level 2. HP: 27/27 MP: 1/1
   928 | D:2      | Reached XP level 3. HP: 34/34 MP: 2/2
  1624 | D:3      | Reached skill level 3 in Axes
  1773 | D:3      | Reached XP level 4. HP: 35/41 MP: 3/3
  1784 | D:3      | Reached skill level 5 in Fighting
  1784 | D:3      | Reached skill level 4 in Axes
  1784 | D:3      | Reached XP level 5. HP: 39/48 MP: 4/4
  1944 | D:3      | Noticed Natasha
  1950 | D:3      | Killed Natasha
  2181 | D:3      | Noticed Grinder
  2183 | D:3      | Paralysed by Grinder for 6 turns
  2194 | D:3      | Killed Grinder
  2195 | D:3      | Reached skill level 5 in Axes
  2195 | D:3      | Reached skill level 5 in Armour
  2195 | D:3      | Reached XP level 6. HP: 44/56 MP: 5/5
  2369 | D:3      | Found a faded altar of an unknown god.
  2787 | D:4      | Noticed Sigmund
  2810 | D:4      | Killed Sigmund
  2811 | D:4      | Reached skill level 6 in Axes
  2811 | D:4      | Reached XP level 7. HP: 40/63 MP: 6/6
  3271 | D:4      | Found a glowing golden altar of the Shining One.
  3564 | D:5      | Entered Level 5 of the Dungeon
  3623 | D:5      | Reached skill level 1 in Evocations
  3719 | D:5      | Reached skill level 7 in Axes
  3812 | D:5      | Reached XP level 8. HP: 52/71 MP: 7/7
  3814 | D:5      | Found a blossoming altar of Fedhas.
  3814 | D:5      | Found a stormy altar of Qazlal.
  4111 | D:5      | Found a bloodstained altar of Trog.
  4533 | D:6      | Found a staircase to the Ecumenical Temple.
  4545 | Temple   | Entered the Ecumenical Temple
  4716 | Temple   | Became a worshipper of Warmaster Okawaru
  4780 | D:6      | Reached skill level 8 in Axes
  4807 | D:6      | Reached * piety under Okawaru
  4933 | D:6      | Got Sif Muna's Papyrus of Icy Fire
  4955 | D:6      | Found Seixoc's Antique Armour Shoppe.
  4959 | D:6      | Reached skill level 9 in Axes
  4959 | D:6      | Reached XP level 9. HP: 82/82 MP: 8/8
  5022 | D:6      | Noticed Duvessa
  5023 | D:6      | Noticed Dowan
  5038 | D:6      | Killed Duvessa
  5045 | D:6      | HP: 2/82 [Dowan/shard of ice (14)]
  5048 | D:6      | Killed Dowan
  5324 | D:6      | Reached skill level 10 in Axes
  5324 | D:6      | Reached ** piety under Okawaru
  5621 | D:7      | Identified the +1 robe of Ikyph {Str+6 Dex-3}
  5729 | D:7      | Noticed a deep elf pyromancer
  5745 | D:7      | HP: 3/84 [fire elemental[a deep elf pyromancer] (5)]
  5747 | D:7      | Mangled by a fire elemental

Illustrated notes

Levels and vault maps discovered:
D:1:      lightli_molten_gateway, layout_basic
D:2:      layout_basic, chequers_serial_rivers_small_a
D:3:      layout_rooms, hellmonk_ecumenical_altar_prayer_group, uniq_natasha,
          uniq_grinder
D:4:      layout_basic, mainiacjoe_overflow_paths,
          chequers_serial_rivers_micro_d, uniq_sigmund
D:5:      layout_basic, grunt_temple_overflow_forces_of_nature, trog_book,
          minmay_hedge_maze
D:6:      layout_gridville, minmay_temple_entry_antechambers, serial_shops,
          nicolae_shop_temple_entry_statues_fountains, uniq_duvessa
D:7:      layout_loops_ring, grunt_gozag_statues, gammafunk_ghost_hive,
          serial_bayou_pond_a
Temple:   eino_temple_scatter_basement

Skill      XL: |  1  2  3  4  5  6  7  8  9 |
---------------+----------------------------+-----
Shields        | 4 |  4.0
Fighting       | 4 5 6 8 9 |  9.4
Armour         | 4 5 6 7 8 |  8.9
Axes           | 3 4 5 6 7 9 10 | 10.6
Evocations     | 1 |  1.2
Invocations    | |  0.5

Action                   |  1- 3 |  4- 6 |  7- 9 || total
-------------------------+-------+-------+-------++-------
Melee: War axe           |    79 |    61 |   153 ||   293
       Headbutt          |    11 |     8 |    37 ||    56
Invok: Heroism           |       |       |     2 ||     2
Evoke: Wand              |       |     8 |       ||     8
  Use: Potion            |       |       |     5 ||     5
       Scroll            |       |       |     2 ||     2
 Stab: Invisible         |       |       |     4 ||     4
Armor: Scale mail        |    37 |    25 |   117 ||   179
Dodge: Dodged            |    33 |    23 |   108 ||   164
Block: Buckler           |    23 |    21 |    55 ||    99

Table legend: (Time is in decaauts)
 A = Elapsed time spent in this place.
 B = Non-inter-level travel time spent in this place.
 C = Inter-level travel time spent in this place.
 D = Time resting spent in this place.
 E = Time spent auto-exploring this place.
 F = Levels seen in this place.
 G = Mean time per level.
                   A        B        C        D        E       F      G
               +--------+--------+--------+--------+--------+-----+--------+
         Total |   5801 |   5691 |    110 |      0 |   4600 |   8 |  725.1 |
       Dungeon |   5616 |   5518 |     98 |      0 |   4447 |   7 |  802.3 |
        Temple |    184 |    172 |     12 |      0 |    153 |   1 |  184.0 |
               +--------+--------+--------+--------+--------+-----+--------+

Top non-repeatable levels by time:
     D:4: 1145 daAuts
     D:6: 1067 daAuts
     D:2: 998 daAuts
     D:3: 824 daAuts
     D:5: 792 daAuts
     D:1: 643 daAuts
  Temple: 184 daAuts
     D:7: 145 daAuts
